 Dungeon Crawl Stone Soup version 0.31.0-11-ge490571c62 (webtiles) character file.

Game seed: 14525418988446070654

1026 ezpacito the Chopper (level 8, 0/61 HPs)
             Began as a Demonspawn Berserker on Jan 29, 2024.
             Was a Priest of Trog.
             Slain by booth's ghost (8 damage)
             ... on level 5 of the Dungeon.
             The game lasted 00:08:01 (4545 turns).

ezpacito the Chopper (Demonspawn Berserker)         Turns: 4545, Time: 00:08:01

Health: 0/61       AC:  8    Str: 18    XL:     8   Next: 2%
Magic:  8/8        EV: 13    Int:  9    God:    Trog [***...]
Gold:   321        SH:  0    Dex: 15    Spells: 7/7 levels left

rFire   . . .        a - +1 hand axe (vamp)
rCold   . . .        (no shield)
rNeg    . . .        u - +2 toga "Victory" {*Victory Int+2 Slay+2 Clar}
rPois   .            c - +1 hat {Stlth+}
rElec   .            e - +0 cloak
rCorr   .            A - +0 pair of gloves
SInv    .            j - +0 pair of boots
Will    .....        (no amulet)
Stlth   +++          (no ring)
HPRegen 0.30/turn    (no ring)
MPRegen 0.11/turn

%: clarity
@: no status effects
A: horns 1, foul stench 1, sturdy frame 1
a: Renounce Religion, Berserk, Trog's Hand


You were on level 5 of the Dungeon.
You worshipped Trog.
Trog was most pleased with you.
You visited 1 branch of the dungeon, and saw 5 of its levels.
You also visited: Sewer.

You collected 321 gold pieces.

Inventory:

Hand Weapons
 a - a +1 vampiric hand axe (weapon)
 s - a +2 dagger of venom
 y - a +4 heavy flail
 D - a +1 short sword of distortion
Missiles
 k - 38 stones (quivered)
 p - 6 boomerangs
 q - 22 poisoned darts
Armour
 c - a +1 hat of stealth (worn)
 e - a +0 cloak (worn)
 j - a +0 pair of boots (worn)
 o - a +0 plate armour
 u - the +2 toga "Victory" (worn) {*Victory Int+2 Slay+2 Clar}
   (You found it on level 5 of the Dungeon)

   *Victory:  When the wearer kills a threatening monster, it has a chance to
   gain +1 AC, +1 Slay, and +1 Int, capping at +7.
   When the wearer uses a scroll or a potion with a hostile monster in sight,
   its bonuses reset to +0.
   Unequipping it also resets its bonuses to +0.
   Int+2:     It affects your intelligence (+2).
   Slay+2:    It affects your accuracy & damage with ranged weapons and melee
   (+2).
   Clar:      It protects you from confusion, rage, mesmerisation and fear.
 A - a +0 pair of gloves (worn)
Wands
 i - a wand of polymorph (5)
 w - a wand of roots (7)
Scrolls
 f - a scroll of enchant weapon
 t - a scroll of fear
 v - a scroll of vulnerability
 x - a scroll of enchant armour {unknown}
 z - a scroll of teleportation
 B - a scroll of fog {unknown}
Potions
 b - a potion of invisibility {unknown}
 d - 2 potions of resistance {unknown}
 g - 2 potions of degeneration {unknown}
 h - 3 potions of ambrosia {unknown}
 l - a potion of berserk rage {unknown}
 m - a potion of haste {unknown}
 n - 3 potions of cancellation {unknown}
 r - 3 potions of enlightenment
 C - a potion of curing


   Skills:
 * Level 4.4 Fighting
 * Level 5.9 Axes
 * Level 3.6 Armour
 * Level 2.9 Dodging
 * Level 2.7 Stealth
 * Level 2.1 Unarmed Combat
 * Level 1.9 Evocations


You had 7 spell levels left.
You didn't know any spells.
Your spell library contained the following spells:

 Spells                   Type           Power      Damage    Failure   Level
 Shock                    Conj/Air       0%         1d3       38%         1
 Slow                     Hex            0%         N/A       38%         1
 Searing Ray              Conj           0%         2d4       52%         2
 Confusing Touch          Hex            0%         N/A       77%         3
 Sigil of Binding         Hex            0%         N/A       77%         3
 Stone Arrow              Conj/Erth      0%         3d7       77%         3
 Vampiric Draining        Necr           0%         2d6       77%         3
 Volatile Blastmotes      Fire/Tloc      0%         2d10      77%         3
 Fulminant Prism          Conj/Alch      0%         3d5       99%         4
 Iskenderun's Mystic Bla  Conj/Tloc      0%         2d3       99%         4
 Irradiate                Conj/Alch      0%         3d11      100%        5
 Fire Storm               Conj/Fire      0%         5d1       100%        9


Dungeon Overview and Level Annotations

Branches:
Dungeon (5/15)              Sewer (visited)
 Temple: D:4-7

Altars:
Cheibriados

Shops:
D:5 [

Portals:
Abyss: D:5

Annotations:
D:5 1 transporter, booth's ghost, amateur HOFi


Innate Abilities, Weirdness & Mutations

You have a pair of small horns on your head.
You may rarely emit foul miasma when damaged in melee.
Your movements are slightly less encumbered by armour. (ER -2)


Message History

Booth's ghost hits you but does no damage.
You slash booth's ghost! You headbutt booth's ghost.
Booth's ghost is moderately damaged.
Booth's ghost hits you.
You hit booth's ghost. You headbutt booth's ghost!
Booth's ghost is heavily damaged.
Booth's ghost hits you!
You barely miss booth's ghost.
Booth's ghost is heavily damaged.
Booth's ghost hits you.
You hit booth's ghost.
Booth's ghost is heavily damaged.
Booth's ghost hits you.
You emit a cloud of foul miasma!
You hit booth's ghost.
You headbutt booth's ghost, but do no damage.
Booth's ghost is severely damaged.
Booth's ghost hits you!
You hit booth's ghost but do no damage.
Booth's ghost is severely damaged.
Booth's ghost hits you!
You hit booth's ghost but do no damage.
Booth's ghost is severely damaged.
Booth's ghost hits you but does no damage.
You barely miss booth's ghost.
You headbutt booth's ghost, but do no damage.
Booth's ghost is severely damaged.
Booth's ghost hits you.
You hit booth's ghost.
Booth's ghost is severely damaged.
Booth's ghost hits you.
You hit booth's ghost but do no damage.
Booth's ghost is severely damaged.
Booth's ghost hits you!
* * * LOW HITPOINT WARNING * * *
You hit booth's ghost.
You headbutt booth's ghost, but do no damage.
Booth's ghost is severely damaged.
Booth's ghost shouts, "You will join me soon!"
Booth's ghost hits you!
You die...

#.#...#..#...^#####.....#
###.#...###.^#.##.........#
..........#..#.#..........#
.........©#...##..###.....#
.........##.#.#[.##©##....#
........##..#.##.#...##...#
...)....#†##.#.###...##...#
####...##.#.^##.#...##...##
####...#©#...##.@#..#....#
##.'...#∩###.)###W:.#....#
...#...###.##.####.##....#
#.>.........###..###.....#
#####....................#
####.........)..........#
#....................####
######################


You could see booth's ghost.

Vanquished Creatures
  Grinder (D:4)
  Edmund (D:5)
  2 ogres (D:5)
  A phantom (D:5)
  2 kobold brigands (Sewer)
  A hound (D:4)
  A jelly (D:4)
  A bombardier beetle (D:4)
  A sleepcap (D:4)
  An iguana (D:4)
  3 river rats (D:4)
  5 adders
  3 shadow imps (D:5)
  A white imp (D:5)
  2 dart slugs
  A ribbon worm (D:4)
  5 orcs (D:3)
  11 endoplasms
  4 giant cockroaches
  6 goblins
  10 hobgoblins
  4 jackals
  11 kobolds
  5 quokkas
  8 ball pythons
  6 bats
  2 frilled lizards
  13 rats
112 creatures vanquished.

Notes
Turn   | Place    | Note
-------+----------+-------------------------------------------
     0 | D:1      | ezpacito the Demonspawn Berserker began the quest for the
                  | Orb.
     0 | D:1      | Reached XP level 1. HP: 18/18 MP: 1/1
   308 | D:1      | Gained mutation: You may rarely emit foul miasma when
                  | damaged in melee. [demonic ancestry]
   308 | D:1      | Reached XP level 2. HP: 22/24 MP: 2/2
   332 | D:1      | You fall into a shaft and drop 1 floor!
   381 | D:1      | Reached skill level 3 in Axes
   582 | D:1      | Found a faded altar of an unknown god.
   672 | D:1      | Gained mutation: Your movements are slightly less
                  | encumbered by armour. (ER -2) [demonic ancestry]
   672 | D:1      | Reached XP level 3. HP: 29/29 MP: 3/3
  1446 | D:2      | Reached ** piety under Trog
  1796 | D:3      | Reached skill level 1 in Stealth
  2080 | D:3      | Reached XP level 4. HP: 34/35 MP: 4/4
  2679 | D:4      | Found a glowing drain.
  2690 | D:4      | Reached skill level 1 in Unarmed Combat
  2722 | Sewer    | Entered a sewer
  2727 | Sewer    | Reached XP level 5. HP: 38/41 MP: 5/5
  2790 | Sewer    | Reached *** piety under Trog
  2796 | Sewer    | Reached skill level 4 in Axes
  2813 | Sewer    | Gained mutation: You have a pair of small horns on your
                  | head. [demonic ancestry]
  2813 | Sewer    | Reached XP level 6. HP: 40/48 MP: 6/6
  3135 | D:4      | Reached skill level 1 in Evocations
  3486 | D:4      | Noticed Grinder
  3487 | D:4      | Paralysed by Grinder for 3 turns
  3495 | D:4      | Killed Grinder
  3496 | D:4      | Reached skill level 5 in Axes
  3496 | D:4      | Reached XP level 7. HP: 54/54 MP: 7/7
  3523 | D:4      | Found a snail-covered altar of Cheibriados.
  3720 | D:5      | Entered Level 5 of the Dungeon
  3796 | D:5      | Found the +0 toga "Victory" {*Victory Clar}
  3911 | D:5      | Noticed Edmund
  3927 | D:5      | Killed Edmund
  4079 | D:5      | Found a transporter.
  4081 | D:5      | Got the Incunabulum of Conflict
  4086 | D:5      | Noticed booth's ghost (amateur HOFi)
  4089 | D:5      | Found a one-way gate to the infinite horrors of the Abyss.
  4109 | D:5      | Reached XP level 8. HP: 56/61 MP: 8/8
  4167 | D:5      | Found Owkett's Antique Armour Shoppe.
  4240 | D:5      | Found a transporter.
  4545 | D:5      | Slain by booth's ghost

Illustrated notes

Levels and vault maps discovered:
D:1:      elethiomel_arrival_shortcut, layout_basic,
          ebering_ecumenical_altar_box
D:2:      layout_rooms, minmay_misc_feat_doors, minmay_misc_feat_enclosed
D:3:      layout_basic, kennysheep_doodads, grunt_ministairs_11
D:4:      minmay_wonky_spiral, layout_basic, chei_slow_surprise,
          portal_sewer_entry_b, uniq_grinder
D:5:      layout_basic, gammafunk_ghost_abyssal_escape, serial_shops,
          nicolae_shop_hallway_plus, uniq_edmund

Skill      XL: |  1  2  3  4  5  6  7 |
---------------+----------------------+-----
Axes           | 3 4 5 |  5.9
Dodging        | 2 |  2.9
Armour         | 2 3 |  3.6
Stealth        | 1 2 |  2.7
Unarmed Combat | 1 2 |  2.1
Evocations     | 1 |  1.9
Fighting       | 4 |  4.4

Action                     |  1- 3 |  4- 6 |  7- 9 || total
---------------------------+-------+-------+-------++-------
  Melee: Hand axe          |   139 |   147 |    89 ||   375
         Headbutt          |       |    12 |    17 ||    29
         Punch             |       |       |     2 ||     2
 Invoke: Berserk           |       |     2 |     1 ||     3
    Use: Scroll            |     4 |     3 |     2 ||     9
         Potion            |       |     3 |       ||     3
   Stab: Sleeping          |     7 |     1 |       ||     8
 Armour: Animal skin       |    33 |       |       ||    33
         Ring mail         |    37 |     5 |       ||    42
         Chain mail        |       |   120 |       ||   120
         Plate armour      |       |     6 |    35 ||    41
         Robe              |       |       |    31 ||    31
  Dodge: Dodged            |    87 |    57 |    22 ||   166
